 Dungeon Crawl Stone Soup version 0.21.1-1-g345015fe64 (webtiles) character file.

305 4FPSwarrior the Ruffian (level 6, -1/51 HPs)
             Began as a Ghoul Monk on Apr 11, 2018.
             Killed by divine providence
             ... invoked by an orc priest
              (14 damage)
             ... on level 4 of the Dungeon.
             The game lasted 00:16:49 (2828 turns).

4FPSwarrior the Ruffian (Ghoul Monk)                Turns: 2828, Time: 00:16:53

Health: -1/51      AC:  5    Str: 16    XL:     6   Next: 39%
Magic:  5/5        EV: 12    Int:  6    God:
Gold:   145        SH:  0    Dex: 11    Spells: 5/5 levels left

rFire    + . .     SeeInvis .     - Unarmed
rCold    + + .     Gourm    .   (no shield)
rNeg     + + +     Faith    .   d - +2 robe {rC+}
rPois    ∞         Spirit   .   (no helmet)
rElec    .         Reflect  .   (no cloak)
rCorr    .         Harm     .   (no gloves)
MR       .....                  p - +0 pair of boots
Stlth    ++........             (no amulet)
HPRegen  0.00/turn              f - ring of protection from fire
MPRegen  0.09/turn              (no ring)

@: rotting
A: rotting body, claws 1, carnivore, cold resistance 1, negative energy
resistance 3, inhibited regeneration, torment resistance, unbreathing
a: no special abilities


You were on level 4 of the Dungeon.
You were not hungry.

You visited 1 branch of the dungeon, and saw 4 of its levels.

You collected 145 gold pieces.

Inventory:

Armour
 a - a +0 robe
 d - a +2 robe of cold resistance (worn)
 e - a +0 ring mail
 p - a +0 pair of boots (worn)
Jewellery
 f - a ring of protection from fire (left claw)
Scrolls
 g - a scroll of enchant weapon {unknown}
 h - 2 scrolls of fog
 j - a scroll of enchant armour {unknown}
 k - a scroll of identify {unknown}
 m - a scroll of remove curse {unknown}
 q - a scroll of noise {unknown}
 r - a scroll of teleportation
Potions
 i - 2 potions of cancellation {unknown}
 l - a potion of lignification {unknown}
 n - a potion of degeneration {unknown}
 o - 3 potions of curing {unknown}
 s - a potion of haste
Comestibles
 b - 5 rations


   Skills:
 - Level 3.2 Fighting
 - Level 2.6 Dodging
 - Level 2.1 Stealth
 + Level 7.6 Unarmed Combat


You had 5 spell levels left.
You didn't know any spells.

Dungeon Overview and Level Annotations

Branches:
Dungeon (4/15)
 Temple: D:4-7

Altars:
Sif Muna
Trog


Innate Abilities, Weirdness & Mutations

Your body is rotting away.
You thrive on raw meat.
You are immune to poison.
You have sharp fingernails.
You are carnivorous and can eat meat at any time.
Your flesh is cold resistant. (rC+)
You are immune to negative energy. (rN+++)
You do not regenerate when monsters are visible.
You are immune to unholy pain and torment.
You can survive without breathing.


Message History

Beogh smites you!
You miss the adder. The adder misses you.
You barely miss the adder. The adder closely misses you.
You scratch the adder.
The adder is moderately wounded.
The adder bites you but does no damage.
You closely miss the adder.
The adder is moderately wounded.
The adder barely misses you. The orc barely misses you.
You barely miss the adder. Your claw misses the adder.
The adder is moderately wounded.
The adder bites you but does no damage. The orc barely misses you.
The adder bites you but does no damage.
You claw the adder!
You kill the adder!
The orc hits you.
* * * LOW HITPOINT WARNING * * *
The orc priest calls down the wrath of Beogh upon you.
Beogh smites you!
You die...

#.# #.#
####### #.#
#..§§§# #.#
#.###§#
###########
#.# §§§#
.oo.o.o...#
#.# §#§#
#.#######.##
#.# #.#§#
...# #..#
#@# #§§§#
.(.# #..#
#o# ####
#.o8. #..#
#o# #(...
#..# #.#
#..$#. ##.o#
#.#
o...#.##...#
#o# ..
#.#.o# #.# #
..##..# #.#
#########.o#
#.#


You could see an orc warrior, an orc priest and an orc.

Vanquished Creatures
  A hound (D:3)
  Natasha (thrice) (D:3)
  A worker ant (D:4)
  8 adders
  3 gnolls (D:3)
  2 worms (D:3)
  2 dart slugs
  4 leopard geckos
  An orc (D:3)
  A ball python (D:4)
  4 giant cockroaches
  7 goblins
  3 hobgoblins (D:1)
  9 kobolds
  4 quokkas
  5 bats
  7 frilled lizards
  2 rats
67 creatures vanquished.

Notes
Turn   | Place    | Note
-------+----------+-------------------------------------------
     0 | D:1      | 4FPSwarrior the Ghoul Monk began the quest for the Orb.
     0 | D:1      | Reached XP level 1. HP: 19/19 MP: 0/0
   130 | D:1      | Reached XP level 2. HP: 26/26 MP: 1/1
   161 | D:1      | Reached skill level 4 in Unarmed Combat
   458 | D:1      | Reached XP level 3. HP: 30/30 MP: 2/2
  1004 | D:2      | Reached skill level 5 in Unarmed Combat
  1263 | D:2      | Found a bloodstained altar of Trog.
  1263 | D:2      | Found a deep blue altar of Sif Muna.
  1424 | D:3      | Reached XP level 4. HP: 34/38 MP: 3/3
  1761 | D:3      | Reached skill level 6 in Unarmed Combat
  1776 | D:3      | Reached XP level 5. HP: 38/45 MP: 4/4
  1861 | D:3      | Noticed Natasha
  1875 | D:3      | Killed Natasha
  1954 | D:3      | Noticed Natasha
  1969 | D:3      | Killed Natasha
  1995 | D:3      | Reached skill level 7 in Unarmed Combat
  2035 | D:3      | Noticed Natasha
  2054 | D:3      | Killed Natasha
  2054 | D:3      | Reached XP level 6. HP: 46/51 MP: 5/5
  2772 | D:4      | Noticed an orc warrior
  2828 | D:4      | Killed from afar by an orc priest

Skill      XL: |  1  2  3  4  5 |
---------------+----------------+-----
Unarmed Combat | 4 5 6 7 |  7.6
Fighting       | |  3.2
Dodging        | |  2.6
Stealth        | |  2.1

Action                   |  1- 3 |  4- 6 || total
-------------------------+-------+-------++-------
Melee: Unarmed           |   132 |   136 ||   268
       Punch             |     1 |     3 ||     4
  Use: Scroll            |       |     2 ||     2
 Stab: Sleeping          |       |     2 ||     2
  Eat: Chunk             |    18 |    13 ||    31
Armor: Robe              |     5 |    27 ||    32
       Ring mail         |    30 |     5 ||    35
Dodge: Dodged            |    64 |    84 ||   148
